 Dungeon Crawl Stone Soup version 0.19.1 (webtiles) character file.

1147038 Zebulonius the Axe Maniac (level 27, -3/273 HPs)
             Began as a Minotaur Berserker on Dec 6, 2016.
             Was the Champion of the Shining One.
             Slain by a monstrous corrupter (illusionary) (12 damage)
             ... while paralysed
             ... in Pandemonium on Dec 7, 2016.
             The game lasted 04:04:47 (89440 turns).

Zebulonius the Axe Maniac (Minotaur Berserker)     Turns: 89440, Time: 04:04:48

Health: -3/273     AC: 52    Str: 26    XL:     27
Magic:  0/34       EV:  2    Int:  0    God:    the Shining One [******]
Gold:   11483      SH:  0    Dex: 26    Spells: 0 memorised, 61 levels left

rFire  + + +     SeeInvis .     u - +9 broad axe of Death's Door {chop, rElec rN+ MR+ Str+6}
rCold  + + +     Gourm    .     l - +12 gold dragon scales
rNeg   + + +     Faith    .     Y - +2 shield of Resistance {rF+ rC+ MR+}
rPois  +         Spirit   +     H - +1 hat of Catatonia {Dex+2}
rElec  +         Reflect  .     W - +2 cloak {rPois}
rCorr  +         Harm     .     P - +2 pair of gloves
MR     +++++                    T - +2 pair of boots
Stlth  ..........               r - amulet "Ocewiedo" {Spirit MR+} (curse)
                                B - ring "Pyjuod" {MR+ EV+5}
                                w - ring of Noon {rCorr rF+ rC+ Dex+3}

@: paralysed, divine shield, grasped by roots, slowed, lost intelligence,
glowing, very slow
A: retaliatory headbutt, horns 2, blurry vision 1, dopey 2, low mp 2, weak 2
a: Divine Shield, Cleansing Flame, Summon Divine Warrior, Brand Weapon With Holy
Wrath, Renounce Religion
}: 10/15 runes: decaying, slimy, silver, golden, iron, obsidian, icy, bone,
abyssal, gossamer


You were in Pandemonium.
You worshipped the Shining One.
The Shining One was exalted by your worship.
You were not hungry.

You visited 18 branches of the dungeon, and saw 90 of its levels.
You visited Pandemonium 1 time, and saw 2 of its levels.
You visited the Abyss 6 times.
You also visited: Labyrinth, Trove and Volcano.

You collected 15158 gold pieces.
You spent 3675 gold pieces at shops.

Inventory:

Hand Weapons
 u - the +9 broad axe of Death's Door (weapon) {chop, rElec rN+ MR+ Str+6}
   (You took it off a vault warden on level 5 of the Vaults)

   It inflicts extra damage upon your enemies.
   It affects your strength (+6).
   It insulates you from electricity.
   It protects you from negative energy.
   It affects your resistance to hostile enchantments.
 v - the +8 mithril axe "Arga" {speed, MR+}
   (You found it on level 3 of the Tomb of the Ancients)

   Attacks with this weapon are significantly faster.
   It affects your resistance to hostile enchantments.
 J - a +7 antimagic executioner's axe
Armour
 j - the -4 cloak "Eluynag" {Regen+ Int+5 Stlth+}
   (You found it on level 7 of Tartarus)

   It affects your intelligence (+5).
   It increases your rate of regeneration.
   It makes you more stealthy.
 l - +12 gold dragon scales (worn)
 z - the +15 Maxwell's patent armour {-Cast -Tele rElec MR+ rCorr}
   (You found it on level 3 of the Tomb of the Ancients)

   It insulates you from electricity.
   It affects your resistance to hostile enchantments.
   It prevents spellcasting.
   It prevents most forms of teleportation.
   It protects you from acid and corrosion.
 H - the +1 hat of Catatonia (worn) {Dex+2}
   (You found it on level 12 of the Dungeon)

   It affects your dexterity (+2).
 P - a +2 pair of gloves (worn)
 T - a +2 pair of boots (worn)
 W - a +2 cloak of poison resistance (worn)
 Y - the +2 shield of Resistance (worn) {rF+ rC+ MR+}
   (You bought it in a shop on level 14 of the Dungeon)

   It protects you from fire.
   It protects you from cold.
   It affects your resistance to hostile enchantments.
Rods
 I - a +7 rod of inaccuracy (14/14)
   (You took it off a frost giant on level 7 of Cocytus)
Jewellery
 r - the cursed amulet "Ocewiedo" (around neck) {Spirit MR+}
   (You bought it in a shop on level 5 of the Depths)

   [amulet of guardian spirit]

   It causes incoming damage to be split between your health and magic.
   It affects your resistance to hostile enchantments.
   It has a curse placed upon it.
 s - a +4 ring of slaying
 w - the ring of Noon (left hand) {rCorr rF+ rC+ Dex+3}
   (You found it on level 3 of the Tomb of the Ancients)

   [ring of resist corrosion]

   It affects your dexterity (+3).
   It protects you from fire.
   It protects you from cold.
 y - the macabre finger necklace {rN+}
   (You found it on level 1 of the Vaults)

   [amulet of nothing]

   It protects you from negative energy.
 B - the ring "Pyjuod" (right hand) {MR+ EV+5}
   (You found it on level 3 of the Tomb of the Ancients)

   [ring of evasion]

   It affects your evasion (+5).
   It affects your resistance to hostile enchantments.
 G - a +5 ring of evasion
Wands
 k - a wand of digging (5/24)
 A - a wand of hasting (3/9)
 U - a wand of teleportation (2/9)
Scrolls
 b - 18 scrolls of teleportation
 f - 6 scrolls of recharging
 g - 8 scrolls of fog
 h - 5 scrolls of holy word
 i - 3 scrolls of enchant armour
 p - 20 scrolls of remove curse
 t - 7 scrolls of fear
 E - 3 scrolls of silence
 F - 4 scrolls of blinking
 N - 6 scrolls of amnesia
 O - a scroll of identify
 S - a scroll of brand weapon
 X - 4 scrolls of summoning
Potions
 a - 4 potions of berserk rage
 d - 5 potions of magic
 e - 5 potions of curing
 m - 3 potions of might
 n - 4 potions of heal wounds
 o - a potion of haste
 x - 5 potions of brilliance
 D - 5 potions of agility
 K - a potion of flight
 L - 5 potions of cancellation
 M - 12 potions of ambrosia
 Q - a potion of resistance
Books
 q - a Necronomicon

   Spells                             Type                      Level
   a - Haunt                          Necromancy/Summoning         7
   b - Borgnjor's Revivification      Necromancy                   8
   c - Death's Door                   Charms/Necromancy            8
   d - Infestation                    Necromancy                   8
   e - Necromutation                  Transmutation/Necromancy     8
   The Shining One disapproves of the use of such an item.
 C - the Tome of the Voyage and Contamination
   (You found it on level 7 of Cocytus)

   Spells                             Type                      Level
   a - Sting                          Conjuration/Poison           1
   b - Teleport Other                 Translocation                3
   c - Olgreb's Toxic Radiance        Poison                       4
   d - Venom Bolt                     Conjuration/Poison           5
   e - Malign Gateway                 Summoning/Translocation      7
Miscellaneous
 Z - a phantom mirror
Comestibles
 c - 19 bread rations


   Skills:
 O Level 27 Fighting
 O Level 27 Axes
 O Level 27 Armour
 O Level 27 Dodging
 O Level 27 Shields
 + Level 17.5 Spellcasting
 O Level 27 Invocations


You had 61 spell levels left.
You didn't know any spells.

Dungeon Overview and Level Annotations

Branches:
Dungeon (15/15)            Temple (1/1) D:5            Lair (6/6) D:8
  Swamp (4/4) Lair:4       Spider (4/4) Lair:4        Slime (5/5) Lair:5
    Orc (2/2) D:9             Elf (3/3) Orc:2        Vaults (5/5) D:13
  Crypt (3/3) Vaults:2       Tomb (3/3) Crypt:3      Depths (5/5) D:15
   Hell (1/1)                 Dis (7/7) Hell            Geh (7/7) Hell
    Coc (7/7) Hell            Tar (7/7) Hell            Zot (5/5) Depths:5

Altars:
Cheibriados
Dithmenos
Elyvilon
Fedhas
Gozag
Hepliaklqana
Kikubaaqudgha
Makhleb
Nemelex Xobeh
Okawaru
Qazlal
Ru
Sif Muna
Trog
Uskayaw
Vehumet
Xom
Yredelemnul
Zin
The Shining One
Jiyva
Lugonu

Shops:
D:11 %   D:12 (   D:14 *[*(*   Orc:1 *   Orc:2 ([*:   Vaults:1 %
Vaults:3 *(([   Vaults:4 *   Depths:1 (   Depths:5 =}}

Portals:
Hell: Lair:6 Depths:1 Depths:2 Depths:3 Depths:4 Depths:5
Abyss: Depths:2 Depths:4
Pandemonium: Depths:1 Depths:3
Ziggurat: Depths:2

Annotations:
Elf:2 3 runed doors
Hell exclusion: ice statue
Zot:1 exclusion: 8 oklob plants


Innate Abilities, Weirdness & Mutations

You reflexively headbutt those who attack you in melee.
You have a pair of horns on your head.
Scrolls take you a little longer to read.
Your magical capacity is very low. (-20% MP)
[You are very dopey. (Int -4)]
[You are very weak. (Str -4)]


Message History

Cuafeis hits you but does no damage.
The monstrous corrupter hits you but does no damage.
The monstrous corrupter claws you but does no damage.
The monstrous corrupter gores you but does no damage.
The Executioner gestures.
The shambling mangrove hits you but does no damage.
Cuafeis hits you!
* * * LOW HITPOINT WARNING * * *
The monstrous corrupter hits you but does no damage.
The monstrous corrupter claws you but does no damage.
The monstrous corrupter gores you but does no damage.
The revenant completely misses you.
The flayed ghost cries, "Suffer as I suffered!"
The flayed ghost disappears in a puff of smoke!
Cuafeis hits you but does no damage. Cuafeis barely misses you.
The monstrous corrupter hits you!!
* * * LOW HITPOINT WARNING * * *
The monstrous corrupter claws you but does no damage.
The monstrous corrupter gores you!
You die...

#..# #............#
######∩.# #............#
........# #))[.........#
........# #..[..........
#####...########..........
#.....................
#........##§q#........
#........#LfW#########
#........#@62#
#######W###&1R#.###
#NX666.116.....
#ez#s663R6.#.#.
.e46134......
#M3#N#...#...#
....M...........
....Z...........
.8.1........∩...


You could see Cuafeis, a monstrous demonspawn, an Ice Fiend, a cacodemon, a
shambling mangrove, a revenant, a yellow draconian zealot, a monstrous
corrupter, 2 Executioners, 2 rakshasas, a soul eater, a flayed ghost, a gelid
demonspawn and a red devil.

Vanquished Creatures
  Antaeus (Coc:7)
  Asmodeus (Geh:7)
  the Royal Jelly (Slime:5)
  Ereshkigal (Tar:7)
  the Serpent of Hell (Geh:7)
  Dispater (Dis:7)
  An orb of fire (Zot:1)
  Mara (Spider:3)
  4 ancient liches
  A pandemonium lord (Pan)
  Mennas (Crypt:1)
  35 greater mummies
  Sojobo (Tomb:2)
  The ghost of Nicoed the Sorcerer, a veteran DEFE of Vehumet (Coc:3)
  Frederick (Depths:4)
  Boris (Crypt:3)
  8 shard shrikes
  Bai Suzhen (Depths:2)
  Saint Roka (Depths:1)
  3 curse toes
  Xtahua (Crypt:1)
  A caustic shrike (Depths:1)
  A Killer Klown (Zot:5)
  9 golden dragons
  Geryon (Hell)
  The ghost of murphy the Executioner, an adept MiBe of Trog (Depths:2)
  26 Tzitzimimeh
  The ghost of SeriousVitamin the Executioner, an adept MiFi of Makhleb (Spider:4)
  11 bone dragons
  14 liches
  13 doom hounds
  7 iron giants
  24 Brimstone Fiends
  Arachne (Spider:3)
  5 electric golems
  A shard shrike zombie (Crypt:2)
  7 Hell Sentinels
  Jorgrun (Spider:3)
  15 tentacled monstrosities
  2 deep elf blademasters (Elf:3)
  Asterion (Spider:4)
  16 Ice Fiends
  21 titans
  7 quicksilver dragons
  9 Orb Guardians (Zot:5)
  2 deep elf master archers (Elf:3)
  6 tentacled starspawn
  4 eldritch tentacles
  21 ancient champions
  10 sphinxes
  10 tengu reavers
  5 Executioners
  9 death cobs
  15 acid blobs
  Frances (Spider:1)
  4 thorn hunters (Swamp:4)
  14 storm dragons
  2 warmongers (Pan)
  Donald (Spider:1)
  Kirke (Spider:1)
  3 draconian monks
  20 shadow dragons
  12 azure jellies
  The ghost of Apogee the Tortoise, a journeyman MiFi of Okawaru (Spider:2)
  4 revenants
  5 draconian scorchers
  Roxanne (D:15)
  9 fire giants
  15 frost giants
  7 ghost moths
  21 balrugs
  8 iron dragons
  17 vault wardens
  7 draconian knights
  2 draconian zealots
  4 draconian shifters
  Aizul (Swamp:4)
  2 deep elf elementalists
  7 emperor scorpions
  4 cacodemons
  8 deep elf sorcerers
  3 curse skulls
  57 reapers
  7 draconian annihilators
  15 war gargoyles
  17 ghouls
  2 elemental wellsprings
  27 very ugly things
  16 ironheart preservers
  2 spriggan defenders (Depths:4)
  44 stone giants
  A blood saint (Pan)
  A juggernaut skeleton (Crypt:1)
  A draconian caller (Zot:3)
  A corrupter (Pan)
  An entropy weaver (Spider:1)
  4 green draconians
  Nessos (Orc:2)
  8 deep elf annihilators
  11 vampire knights
  2 black draconians
  2 black suns (Pan)
  13 red draconians
  4 deep elf demonologists
  11 bennus
  11 purple draconians
  6 spark wasps
  A dire elephant (Lair:6)
  4 yellow draconians
  14 mottled draconians
  9 white draconians
  4 lorocyprocas
  Azrael (Spider:1)
  Snorg (D:10)
  8 statues (Depths:4)
  A death ooze (Slime:4)
  2 eidola (Crypt:2)
  5 green deaths
  20 jiangshi
  12 deep elf death magi
  9 quicksilver dragon zombies
  A minotaur (Lab)
  17 ettins
  20 blizzard demons
  26 mummy priests
  14 fire dragons
  10 great orbs of eyes
  A fire dragon (shapeshifter) (Vaults:5)
  16 yaktaur captains
  4 deep elf high priests
  A kraken zombie (Hell)
  5 rakshasas
  Erolcha (D:10)
  30 ice dragons
  30 vault guards
  3 monstrous demonspawn (Pan)
  8 quicksilver dragon skeletons
  2 ghost crabs
  22 hydras
  3 hell beasts
  7 spriggan air magi
  The ghost of omegacute the Cleaver, a novice MiBe of Trog (D:13)
  11 alligators
  11 death knights
  96 death scarabs
  12 dancing weapons
  11 centaur warriors
  8 deep troll shamans
  40 hell hogs
  A queen ant (Lair:2)
  17 vampire magi
  11 deep troll earth magi
  24 ogre magi
  15 titan zombies
  4 death yaks
  12 tengu warriors
  A shock serpent (shapeshifter) (Depths:2)
  A thrashing horror (Abyss:2)
  2 orc high priests (Elf:3)
  10 titan skeletons
  3 spriggan berserkers
  16 soul eaters
  23 sun demons
  12 deep elf knights
  4 wretched stars
  8 spriggans
  A spatial maelstrom (Abyss:3)
  145 skeletal warriors
  10 iron golems
  4 shadow wraiths
  3 sixfirhies (Pan)
  3 storm dragon zombies
  91 hell knights
  14 iron trolls
  8 shadow demons
  4 golden dragon zombies
  4 storm dragon skeletons
  14 anaconda zombies
  2 infernal demonspawn
  2 shambling mangroves
  A cherub (Pan)
  2 unseen horrors
  A deep troll (shapeshifter) (Depths:1)
  2 kraken simulacra (Coc:7)
  5 glowing orange brains
  2 spriggan druids
  4 gelid demonspawn
  2 ghost moth zombies
  A quicksilver dragon simulacrum (Crypt:2)
  17 flayed ghosts
  12 swamp dragons
  38 deep trolls
  25 phantasmal warriors
  10 wizards
  5 shadow dragon zombies
  A mana viper (shapeshifter) (Vaults:1)
  13 deep elf archers
  3 golden dragon skeletons
  16 ironbrand convokers
  9 large abominations
  13 orc knights
  7 anaconda skeletons
  28 hill giants
  10 wolf spider zombies
  Pikel (D:7)
  26 orb spiders
  4 shadow dragon skeletons
  4 harpies (Vaults:4)
  9 stone giant zombies
  40 wolf spiders
  40 deep elf magi
  19 necromancers
  4 shining eyes (Slime:5)
  5 iron dragon zombies
  A manticore (shapeshifter) (Vaults:5)
  3 oklob plants (Zot:1)
  A mana viper (Abyss:2)
  10 frost giant zombies
  2 tengu skeletons
  6 orc sorcerers
  33 ugly things
  A salamander (Geh:7)
  5 fire giant zombies
  13 moths of wrath
  A shining eye (shapeshifter) (D:15)
  2 iron dragon skeletons
  10 cyclopes
  6 black mambas
  A salamander (shapeshifter) (Vaults:1)
  15 vault sentinels
  A manticore (D:15)
  2 stone giant skeletons
  5 toenail golems (Volcano)
  5 frost giant skeletons
  13 elephants
  Maurice (D:10)
  A shock serpent zombie (Coc:7)
  11 dire elephant zombies
  3 fire giant skeletons
  36 rust devils
  2 gargoyles
  3 guardian serpents (shapeshifter)
  2 ice statues (Depths:4)
  13 smoke demons
  A water nymph (shapeshifter) (Vaults:5)
  16 molten gargoyles
  6 titan simulacra
  Joseph (D:7)
  2 naga magi (D:15)
  3 torpor snails
  3 catoblepas zombies
  9 storm dragon simulacra (Coc:7)
  10 orange demons
  20 spiny frogs
  A rime drake (shapeshifter) (Elf:1)
  39 yaktaurs
  2 eyes of devastation (Slime:5)
  An alligator snapping turtle zombie (Crypt:3)
  40 hellions
  A spiny frog (shapeshifter) (Depths:4)
  3 rime drakes
  44 tormentors
  3 shock serpent skeletons
  40 ice devils
  2 emperor scorpion zombies
  A swamp worm zombie (Crypt:2)
  13 demonic crawlers
  44 freezing wraiths
  A redback zombie (D:15)
  6 hellwings
  10 komodo dragons
  4 dire elephant skeletons
  7 tengu conjurers
  5 catoblepas skeletons
  6 harpy zombies
  10 efreet
  51 guardian mummies
  A merfolk (shapeshifter) (Vaults:5)
  9 anaconda simulacra (Coc:7)
  A yellow draconian skeleton (Crypt:1)
  A minotaur zombie (Geh:4)
  20 red devils
  5 silent spectres
  21 trolls
  3 harpy skeletons
  3 ancient zymes
  29 hornets
  8 hydra skeletons
  3 meliai (D:15)
  39 jumping spiders
  A jumping spider (shapeshifter) (D:15)
  8 hydra zombies
  A polar bear (shapeshifter) (D:15)
  6 tyrant leeches
  45 two-headed ogres
  11 polar bears
  15 blink frogs
  A death drake skeleton (Crypt:1)
  16 bog bodies
  2 dream sheep (D:11)
  5 ice dragon zombies
  55 slime creatures
  A snapping turtle (shapeshifter) (Depths:5)
  A two-headed ogre (shapeshifter) (Abyss:2)
  9 ettin zombies
  14 hippogriffs
  A blink frog (shapeshifter) (Vaults:4)
  Grinder (D:4)
  7 fire dragon zombies
  7 alligator zombies
  10 raiju
  5 air elementals
  A hippogriff (shapeshifter) (Vaults:3)
  A frost giant simulacrum (Coc:6)
  A meliai zombie (D:12)
  A dire elephant simulacrum (Coc:7)
  182 flying skulls
  5 ettin skeletons
  11 ynoxinuls
  3 ice dragon skeletons
  8 basilisks
  35 tarantellas
  A wind drake zombie (Crypt:1)
  41 wraiths
  A spriggan (shapeshifter) (Elf:1)
  23 water elementals
  63 shadows
  20 ushabtiu
  4 black mamba skeletons
  79 redbacks
  52 yaks
  6 fire dragon skeletons
  2 wyverns
  4 black mamba zombies
  Eustachio (D:4)
  4 hogs (Spider:1)
  A yak (shapeshifter) (Vaults:3)
  3 alligator skeletons
  A human (shapeshifter) (Elf:3)
  17 small abominations
  A hog (shapeshifter) (Vaults:3)
  10 chaos spawn
  4 fire bats (Depths:1)
  4 hungry ghosts
  A yaktaur simulacrum (Vaults:3)
  3 elf skeletons
  22 fire elementals
  3 mottled dragons
  A steam dragon (D:8)
  9 vampire mosquitoes
  28 insubstantial wisps
  2 merfolk zombies
  11 spatial vortices (Abyss:2)
  7 soldier ants
  9 wargs
  A gelid demonspawn zombie (Crypt:1)
  60 hell hounds
  30 swamp worms
  11 spiny frog zombies
  A floating eye (Abyss:3)
  7 porcupines
  Duvessa (D:4)
  2 hydra simulacra
  32 water moccasins
  A merfolk skeleton (Coc:1)
  An ice beast (shapeshifter) (Depths:3)
  5 spiny frog skeletons
  3 snapping turtle zombies
  A fire dragon simulacrum (Tomb:3)
  17 ice beasts
  29 orc warriors
  10 phantoms
  3 swamp dragon zombies
  3 manticore zombies
  4 slaves (D:7)
  6 swamp drakes
  5 eyes of draining
  A lindwurm zombie (Crypt:2)
  11 black bears
  31 necrophages
  8 wolves
  4 sky beasts
  2 elf zombies
  An eye of draining (shapeshifter) (Elf:3)
  107 ogres
  8 boggarts
  An ice dragon simulacrum (Coc:1)
  An alligator simulacrum (Hell)
  25 centaurs
  A black mamba simulacrum (Tomb:1)
  A manticore skeleton (Coc:1)
  12 crocodiles
  9 snapping turtle skeletons
  A swamp dragon skeleton (Tar:7)
  14 bullfrogs
  4 big kobolds
  2 spiny frog simulacra
  3 earth elementals
  Dowan (D:4)
  4 scorpions
  A water moccasin skeleton (Crypt:3)
  2 wyvern skeletons (D:8)
  2 elf simulacra
  9 killer bees
  83 wights
  3 electric eels
  2 howler monkeys (D:14)
  6 centaur zombies
  15 crimson imps
  2 quasits (Abyss:3)
  7 human zombies
  6 starcursed masses (Abyss:3)
  32 iron imps
  5 bullfrog skeletons
  5 jellies
  Crazy Yiuf (D:7)
  2 bullfrog zombies (D:12)
  12 orc priests
  8 centaur skeletons
  2 hounds
  18 orc wizards
  12 iguanas
  A black bear skeleton (Crypt:3)
  A gnoll shaman (D:6)
  Ijyb (D:2)
  Natasha (thrice) (D:3)
  2 human skeletons
  32 worker ants
  2 naga zombies
  A big kobold skeleton (Crypt:3)
  2 ogre skeletons
  A hound zombie (D:11)
  3 hound skeletons
  82 mummies
  2 worker ant zombies
  15 gnolls
  26 adders
  17 shadow imps
  11 white imps
  An ufetubus (Abyss:2)
  An ooze (D:2)
  12 worms
  3 dart slugs (D:2)
  5 leopard geckos
  90 orcs
  A ball python (D:1)
  6 bats
  5 giant cockroaches
  A gnoll zombie (Crypt:2)
  8 hobgoblins
  7 jackals (D:4)
  25 kobolds
  3 quokkas
  A ball python zombie (Crypt:3)
  4 frilled lizards
  3 goblins
  3 kobold skeletons
  A leopard gecko zombie (D:5)
  An orc zombie (Coc:3)
  9 rats
  5 briar patches (Swamp:4)
  A bush (Zot:1)
  A crawling corpse (Vaults:5)
  A demonic plant (Pan)
  3 fire vortices
  6 fungi
  15 plants
  6 starspawn tentacles
  4 tentacles
  3 withered plants (Swamp:2)
4964 creatures vanquished.

Vanquished Creatures (others)
  3 elemental wellsprings
  A bennu (Tomb:3)
  A jiangshi (Depths:1)
  A quicksilver dragon skeleton (Tomb:2)
  A vault guard (Vaults:1)
  13 death scarabs
  3 hell hogs
  A deep troll (Depths:4)
  An anaconda zombie (Coc:7)
  2 deep elf magi (Elf:3)
  A fire giant zombie (Geh:7)
  A necromancer (Hell)
  A water elemental (Elf:2)
  A ynoxinul (Pan)
  A shadow (Geh:1)
  13 flying skulls
  An ushabti (Tomb:3)
  A hell hound (Geh:1)
  An ogre (Depths:1)
  A small abomination (Abyss:3)
  An iron imp (Dis:7)
  6 mummies
  A ball lightning (Zot:3)
  A crawling corpse (Vaults:5)
  A demonic plant (Pan)
  A fire vortex (Depths:4)
  14 fungi
  A lurking horror (Abyss:2)
  36 plants
  16 starspawn tentacles
  12 tentacles
  3 withered plants (Swamp:2)
142 creatures vanquished.

Grand Total: 5106 creatures vanquished

Notes
Turn   | Place    | Note
-------+----------+-------------------------------------------
     0 | D:1      | Zebulonius the Minotaur Berserker began the quest for the Orb.
     0 | D:1      | Reached XP level 1. HP: 19/19 MP: 0/0
   108 | D:1      | Reached XP level 2. HP: 5/26 MP: 1/1
   112 | D:1      | HP: 1/26 [goblin (4)]
   719 | D:1      | Reached skill level 5 in Axes
   857 | D:1      | Reached ** piety under Trog
  1035 | D:2      | Reached XP level 3. HP: 25/31 MP: 2/2
  1038 | D:2      | Noticed Ijyb
  1063 | D:2      | Killed Ijyb
  1385 | D:2      | Reached XP level 4. HP: 29/39 MP: 1/3
  1798 | D:3      | Noticed Natasha
  1805 | D:3      | Killed Natasha
  1805 | D:3      | Reached XP level 5. HP: 34/45 MP: 2/4
  1915 | D:3      | Noticed Natasha
  1921 | D:3      | Killed Natasha
  1995 | D:3      | Noticed Natasha
  2004 | D:3      | Killed Natasha
  2373 | D:4      | Reached XP level 6. HP: 33/51 MP: 2/5
  2386 | D:4      | Noticed a sky beast
  2400 | D:4      | Killed a sky beast
  2481 | D:4      | Reached *** piety under Trog
  2517 | D:4      | Noticed Duvessa
  2518 | D:4      | Noticed Dowan
  2525 | D:4      | Killed Duvessa
  2525 | D:4      | Reached XP level 7. HP: 57/57 MP: 6/6
  2528 | D:4      | Noticed Eustachio
  2528 | D:4      | Killed Dowan
  2546 | D:4      | Killed Eustachio
  2546 | D:4      | Reached skill level 10 in Axes
  2556 | D:4      | Gained mutation: You possess an exceptional clarity of mind. [potion of mutation]
  2556 | D:4      | Gained mutation: Your spells are a little harder to cast, but a little more powerful. [potion of mutation]
  2556 | D:4      | Gained mutation: [You are weak. (Str -2)] [potion of mutation]
  2577 | D:4      | HP: 2/57 [orc priest/trident (5)]
  2952 | D:4      | Found an opulent altar of Gozag.
  2982 | D:4      | Noticed Grinder
  2985 | D:4      | Paralysed by Grinder for 4 turns
  3004 | D:4      | Paralysed by Grinder for 3 turns
  3013 | D:4      | Killed Grinder
  3013 | D:4      | Reached XP level 8. HP: 41/64 MP: 4/7
  3189 | D:5      | Entered Level 5 of the Dungeon
  3196 | D:5      | Found a hide-covered altar of Uskayaw.
  3280 | D:5      | Found a staircase to the Ecumenical Temple.
  3387 | D:5      | Reached **** piety under Trog
  4057 | D:6      | Reached XP level 9. HP: 68/70 MP: 8/8
  4399 | D:6      | Reached ***** piety under Trog
  4852 | D:7      | Reached skill level 15 in Axes
  5036 | D:7      | Noticed Pikel
  5050 | D:7      | Killed Pikel
  5247 | D:7      | Reached XP level 10. HP: 77/77 MP: 9/9
  5298 | D:7      | Found a runed door.
  5302 | D:7      | Noticed Crazy Yiuf
  5306 | D:7      | Killed Crazy Yiuf
  5496 | D:7      | Noticed Joseph
  5504 | D:7      | Killed Joseph
  6209 | D:8      | Found a staircase to the Lair.
  6534 | Lair:1   | Entered Level 1 of the Lair of Beasts
  6722 | Lair:1   | Noticed a spiny frog
  6731 | Lair:1   | Killed a spiny frog
  7317 | Lair:1   | Reached skill level 5 in Armour
  7454 | Lair:1   | Noticed a spiny frog
  7464 | Lair:1   | Killed a spiny frog
  7464 | Lair:1   | Reached skill level 5 in Fighting
  7677 | Lair:2   | Reached XP level 11. HP: 71/86 MP: 8/10
  8371 | Lair:2   | Received a gift from Trog
  8633 | Lair:2   | Noticed a queen ant
  8640 | Lair:2   | Killed a queen ant
  8648 | Lair:2   | Reached ****** piety under Trog
  8651 | Lair:2   | Received a gift from Trog
  8982 | Lair:2   | Noticed an eight-headed hydra
  8995 | Lair:2   | Killed a 15-headed hydra
  9993 | Lair:3   | Reached XP level 12. HP: 66/103 MP: 11/11
 11365 | Lair:4   | Found a staircase to the Swamp.
 11855 | Lair:4   | Found a hole to the Spider Nest.
 11866 | Lair:4   | Reached skill level 10 in Armour
 12228 | Lair:4   | Noticed a five-headed hydra
 12451 | Lair:4   | Reached skill level 5 in Dodging
 12512 | Lair:4   | Reached skill level 10 in Fighting
 13420 | Lair:3   | Noticed a five-headed hydra
 13431 | Lair:3   | Killed a nine-headed hydra
 13490 | Lair:4   | Noticed a four-headed hydra
 13497 | Lair:4   | Killed a seven-headed hydra
 14124 | Lair:4   | Received a gift from Trog
 14291 | Lair:5   | Found a dark tunnel.
 14299 | Volcano  | Entered a volcano
 14309 | Volcano  | Reached XP level 13. HP: 114/115 MP: 4/12
 15246 | Lair:5   | Found a staircase to the Slime Pits.
 15762 | Lair:5   | Received a gift from Trog
 15977 | Lair:6   | Entered Level 6 of the Lair of Beasts
 16431 | Lair:6   | Reached XP level 14. HP: 127/127 MP: 13/13
 17325 | Lair:6   | Found a burning altar of Makhleb.
 17330 | Lair:6   | Found a gateway to Hell.
 18637 | D:9      | Found a staircase to the Orcish Mines.
 18743 | D:9      | Received a gift from Trog
 19427 | Orc:1    | Entered Level 1 of the Orcish Mines
 19463 | Orc:1    | Found Howkoa's Assorted Antiques.
 19483 | Orc:1    | Noticed a stone giant
 19492 | Orc:1    | Killed a stone giant
 19713 | Orc:1    | Received a gift from Trog
 20066 | Orc:2    | Entered Level 2 of the Orcish Mines
 20106 | Orc:2    | Found a staircase to the Elven Halls.
 20109 | Orc:2    | Noticed Nessos
 20147 | Orc:2    | Killed Nessos
 20513 | Orc:2    | Found Kozxeedgh's Book Boutique.
 20515 | Orc:2    | Found Coun's General Store.
 20516 | Orc:2    | Received a gift from Trog
 20560 | Orc:2    | Found Jiajim's Armour Emporium.
 20578 | Orc:2    | Reached XP level 15. HP: 139/139 MP: 3/14
 20585 | Orc:2    | Found Cusigoal's Weapon Shop.
 20880 | Orc:1    | Bought a granite ring for 130 gold pieces
 20920 | D:10     | Entered Level 10 of the Dungeon
 20958 | D:10     | Noticed Maurice
 20962 | D:10     | Killed Maurice
 21009 | D:10     | Noticed Erolcha
 21014 | D:10     | Killed Erolcha
 21105 | D:10     | Noticed Snorg
 21122 | D:10     | Killed Snorg
 22006 | D:11     | Found Jutyrel's Food Shoppe.
 22041 | D:11     | Found a large runed door.
 22063 | D:11     | Found a large runed door.
 22102 | D:11     | Received a gift from Trog
 22536 | D:11     | Found a shadowy altar of Dithmenos.
 22674 | D:11     | Found a stormy altar of Qazlal.
 22674 | D:11     | Noticed a tengu reaver
 22687 | D:11     | Killed a tengu reaver
 22792 | D:12     | Found Anekelex's Weapon Shoppe.
 22859 | D:12     | Reached skill level 15 in Fighting
 23064 | D:12     | Got a warped hat
 23070 | D:12     | Identified the +1 hat of Catatonia {Dex+2} (You found it on level 12 of the Dungeon)
 23656 | D:13     | Noticed omegacute's ghost (novice MiBe)
 23656 | D:13     | Found a labyrinth entrance.
 23666 | D:13     | Killed omegacute's ghost
 23672 | Lab      | Entered a labyrinth
 23957 | D:13     | Found a gate to the Vaults.
 24730 | D:14     | Found Ladatucka's General Store.
 24738 | D:14     | Bought a scroll of enchant armour for 90 gold pieces
 24918 | D:14     | Found Qaemayn's Armour Emporium.
 24922 | D:14     | Bought a +3 plate armour of fire resistance for 630 gold pieces
 25147 | D:14     | Found Tik Ipto's Antique Weapon Emporium.
 25169 | D:14     | Received a gift from Trog
 25232 | D:14     | Found a basalt altar of Yredelemnul.
 25274 | D:14     | Found Noyxygg's General Store.
 25282 | D:14     | Bought the ring of Kyzec {+Blink rC+ rN+ Dex+3} for 449 gold pieces
 25282 | D:14     | Bought a scroll of magic mapping for 38 gold pieces
 25516 | D:14     | Found Igylas's General Store.
 25519 | D:14     | Bought a scroll of brand weapon for 340 gold pieces
 25519 | D:14     | Bought a scroll of identify for 34 gold pieces
 25519 | D:14     | Bought a scroll of identify for 34 gold pieces
 25532 | D:15     | Entered Level 15 of the Dungeon
 25621 | D:15     | Reached XP level 16. HP: 150/150 MP: 15/15
 25981 | D:15     | Found an iron altar of Okawaru.
 26116 | D:15     | Noticed Roxanne
 26132 | D:15     | Killed Roxanne
 26133 | D:15     | Identified Roxanne's Handbook of Transmutation (You took it off Roxanne on level 15 of the Dungeon)
 26237 | D:15     | Found a staircase to the Depths.
 26566 | Spider:1 | Entered Level 1 of the Spider Nest
 26579 | Spider:1 | Noticed Frances
 26594 | Spider:1 | Noticed Donald
 26594 | Spider:1 | Killed Frances
 26617 | Spider:1 | Killed Donald
 26754 | Spider:1 | Noticed Kirke
 26769 | Spider:1 | Received a gift from Trog
 26775 | Spider:1 | Killed Kirke
 26979 | Spider:1 | Noticed Azrael
 26994 | Spider:1 | Killed Azrael
 27264 | Spider:2 | Noticed Apogee's ghost (journeyman MiFi)
 27285 | Spider:2 | Killed Apogee's ghost
 28135 | Spider:2 | Reached XP level 17. HP: 161/161 MP: 16/16
 28217 | Spider:2 | Received a gift from Trog
 28281 | Spider:3 | Noticed Mara
 28756 | Spider:3 | Noticed Zebulonius's illusion
 28758 | Spider:3 | Killed Mara
 28969 | Spider:3 | Noticed Arachne
 28991 | Spider:3 | Killed Arachne
 29151 | Spider:3 | Noticed Jorgrun
 29161 | Spider:3 | Killed Jorgrun
 29189 | Spider:3 | Received a gift from Trog
 29394 | Spider:4 | Entered Level 4 of the Spider Nest
 29397 | Spider:4 | Noticed SeriousVitamin's ghost (adept MiFi)
 29937 | Elf:1    | Entered Level 1 of the Elven Halls
 30368 | Elf:1    | Identified Jiohut's Collected Works on Confrontation
 30942 | Elf:2    | Found a runed gate.
 30942 | Elf:2    | Found a runed gate.
 30944 | Elf:2    | Found a runed gate.
 31130 | Elf:3    | Entered Level 3 of the Elven Halls
 31136 | Elf:3    | Received a gift from Trog
 31160 | Elf:3    | Identified the +7 battleaxe of the Purse {holy, MP-9 Dex+9 SInv Stlth-} (You found it on level 3 of the Elven Halls)
 31241 | Elf:3    | Reached XP level 18. HP: 173/173 MP: 17/17
 31396 | Elf:3    | Cast into level 2 of the Abyss (a deep elf sorcerer)
 31410 | Abyss:2  | Found a corrupted altar of Lugonu.
 31516 | Abyss:2  | Got a translucent tin ring
 31664 | Abyss:2  | Lost intelligence.
 31672 | Elf:3    | Escaped the Abyss
 32214 | Elf:3    | Cast into level 2 of the Abyss (a deep elf demonologist)
 32394 | Abyss:2  | Received a gift from Trog
 32409 | Elf:3    | Escaped the Abyss
 32420 | Elf:3    | Noticed a Hell Sentinel
 32450 | Elf:3    | Noticed an Ice Fiend
 32467 | Elf:3    | Cast into level 2 of the Abyss (a deep elf sorcerer)
 32476 | Elf:3    | Escaped the Abyss
 32651 | Elf:3    | Identified the +4 broad axe of the Endless March {chop, Str+3} (You found it on level 3 of the Elven Halls)
 32660 | Elf:3    | Identified the cursed +1 scale mail of Minor Irritation {rElec rPois} (You found it on level 3 of the Elven Halls)
 32785 | Elf:3    | Reached skill level 15 in Armour
 32795 | Elf:3    | Got a glittering wooden ring
 32796 | Elf:3    | Got a dazzling war axe {flame}
 32797 | Elf:3    | Identified the ring of Nits {*Slow +Fly rC+ Str+3} (You took it off a deep elf mage on level 3 of the Elven Halls)
 32798 | Elf:3    | Identified the ring of Xairaah {+Fly Slay+2} (You found it on level 2 of the Abyss)
 32799 | Elf:3    | Identified the +2 war axe "Tazestot" {flame, Int+7 Dex-3} (You took it off a deep elf mage on level 3 of the Elven Halls)
 32851 | Elf:3    | Reached skill level 27 in Axes
 33281 | Swamp:1  | Entered Level 1 of the Swamp
 33487 | Swamp:1  | Received a gift from Trog
 34612 | Swamp:3  | Reached XP level 19. HP: 187/187 MP: 18/18
 34642 | Swamp:3  | Received a gift from Trog
 35305 | Swamp:4  | Entered Level 4 of the Swamp
 35309 | Swamp:4  | Noticed Aizul
 35325 | Swamp:4  | Killed Aizul
 35413 | Swamp:4  | Received a gift from Trog
 35762 | Swamp:4  | Got a decaying rune of Zot
 36705 | Vaults:1 | Entered Level 1 of the Vaults
 36815 | Vaults:1 | Cast into level 2 of the Abyss (a wizard)
 36815 | Abyss:2  | Found a corrupted altar of Lugonu.
 37038 | Abyss:2  | Found a corrupted altar of Lugonu.
 37118 | Abyss:2  | Lost intelligence.
 37164 | Vaults:1 | Escaped the Abyss
 37261 | Vaults:1 | Received a gift from Trog
 37400 | Vaults:1 | Noticed a lich
 37413 | Vaults:1 | Killed a lich
 37474 | Vaults:1 | Reached XP level 20. HP: 179/202 MP: 12/19
 38081 | Vaults:1 | Cast into level 3 of the Abyss (a deep elf demonologist)
 38151 | Vaults:1 | Escaped the Abyss
 38455 | Vaults:1 | Received a gift from Trog
 38777 | Vaults:1 | Found Danur's Food Shoppe.
 38788 | Vaults:1 | Bought a bread ration for 55 gold pieces
 38788 | Vaults:1 | Bought a bread ration for 55 gold pieces
 38788 | Vaults:1 | Bought a bread ration for 55 gold pieces
 38788 | Vaults:1 | Bought a bread ration for 55 gold pieces
 38788 | Vaults:1 | Bought a bread ration for 55 gold pieces
 39315 | Vaults:2 | Received a gift from Trog
 39509 | Vaults:2 | Found a staircase to the Crypt.
 40193 | Vaults:3 | Found Woopt's Armour Emporium.
 40225 | Vaults:3 | Found Loofuirosy's Antique Weapon Shop.
 40234 | Vaults:3 | Found Okhiroes's Weapon Shoppe.
 40311 | Vaults:3 | Received a gift from Trog
 40401 | Vaults:3 | Found Vocaewuo's Assorted Antiques.
 40410 | Vaults:3 | Bought a scroll of enchant weapon for 232 gold pieces
 40410 | Vaults:3 | Bought a copper wand for 124 gold pieces
 40622 | Vaults:3 | Found a basalt altar of Yredelemnul.
 40932 | Vaults:3 | Reached XP level 21. HP: 191/217 MP: 11/20
 41011 | Vaults:3 | Received a gift from Trog
 41219 | Vaults:4 | Paralysed by an ogre mage for 4 turns
 41440 | Vaults:4 | Found Lagoerphutho's Assorted Antiques.
 41857 | Vaults:4 | Received a gift from Trog
 42137 | Vaults:4 | Reached skill level 10 in Dodging
 43057 | Spider:4 | Received a gift from Trog
 43153 | Spider:4 | Killed SeriousVitamin's ghost
 43467 | Spider:4 | Received a gift from Trog
 43830 | Spider:4 | Got a gossamer rune of Zot
 43924 | Spider:4 | Noticed Asterion
 43940 | Spider:4 | Killed Asterion
 44573 | Depths:1 | Entered Level 1 of the Depths
 44633 | Depths:1 | Found Syonimerri's Weapon Emporium.
 44674 | Depths:1 | Noticed Saint Roka
 44695 | Depths:1 | Killed Saint Roka
 44695 | Depths:1 | Reached XP level 22. HP: 177/232 MP: 0/21
 44738 | Depths:1 | Found a white marble altar of Elyvilon.
 44794 | Depths:1 | Noticed a caustic shrike
 44806 | Depths:1 | Reached skill level 27 in Fighting
 44814 | Depths:1 | Killed a caustic shrike
 44830 | Depths:1 | Received a gift from Trog
 45029 | Depths:1 | Identified the cursed +0 leather armour of Poor Excuses {Dex+3} (You found it on level 1 of the Depths)
 45541 | Depths:1 | Found a one-way gate leading to the halls of Pandemonium.
 45951 | Depths:2 | Noticed Bai Suzhen
 45953 | Depths:2 | Noticed murphy's ghost (adept MiBe)
 45979 | Depths:2 | Killed murphy's ghost
 45991 | Depths:2 | Killed Bai Suzhen
 46097 | Depths:2 | Found a gateway to a ziggurat.
 46227 | Depths:2 | Received a gift from Trog
 46230 | Depths:2 | Identified the +5 executioner's axe "Zanwaumpoi" {drain, +Blink MR+++ Stlth-} (Trog gifted it to you on level 2 of the Depths)
 46535 | Depths:2 | Identified the Incunabulum of the Traveller and Moulding
 46640 | Depths:2 | Found a portal to a secret trove of treasure.
 46724 | Depths:2 | Found a one-way gate to the infinite horrors of the Abyss.
 46937 | Depths:3 | Received a gift from Trog
 46971 | Depths:3 | Found a shimmering altar of Xom.
 47634 | Depths:4 | Noticed a golden dragon
 47654 | Depths:4 | Killed a golden dragon
 47654 | Depths:4 | Reached XP level 23. HP: 240/240 MP: 17/22
 47706 | Depths:4 | Found a corrupted altar of Lugonu.
 47839 | Depths:4 | Received a gift from Trog
 48221 | Depths:4 | Noticed Frederick
 48237 | Depths:4 | Killed Frederick
 48244 | Depths:4 | Found a radiant altar of Vehumet.
 49469 | Depths:4 | Received a gift from Trog
 49721 | Depths:5 | Entered Level 5 of the Depths
 50158 | Depths:5 | Found a gate to the Realm of Zot.
 50409 | Depths:5 | Reached XP level 24. HP: 249/249 MP: 21/22
 50411 | Depths:5 | Received a gift from Trog
 50518 | Depths:5 | Reached skill level 15 in Dodging
 50558 | Depths:5 | Found Dekh's Jewellery Shop.
 50558 | Depths:5 | Found Poveramy's Gadget Emporium.
 50559 | Depths:5 | Found Malogam's Gadget Emporium.
 50567 | Depths:5 | Bought the amulet "Ocewiedo" {Spirit MR+} for 724 gold pieces
 51421 | Vaults:5 | Entered Level 5 of the Vaults
 51557 | Vaults:5 | Received a gift from Trog
 51649 | Vaults:5 | Got a silver rune of Zot
 51651 | Vaults:5 | Identified the +1 buckler of the Nightingale {rElec rN++ Str+4 Stlth-} (You found it on level 5 of the Vaults)
 51913 | Vaults:5 | Cast into level 3 of the Abyss (a deep elf sorcerer)
 52098 | Abyss:3  | Got an abyssal rune of Zot
 52196 | Vaults:5 | Escaped the Abyss
 52345 | Vaults:5 | Identified the Incunabulum of Unstable Conjuration
 52428 | Vaults:5 | Received a gift from Trog
 52472 | Vaults:5 | Reached XP level 25. HP: 257/257 MP: 20/22
 52503 | Vaults:5 | Noticed an ancient lich
 52516 | Vaults:5 | Killed an ancient lich
 52519 | Vaults:5 | Reached skill level 27 in Armour
 52671 | Vaults:5 | Gained mutation: Your mind is acute. (Int +2) [potion of beneficial mutation]
 52757 | Vaults:5 | Got a warped turquoise ring
 52758 | Vaults:5 | Identified the ring of Insomnia {rC+ Int+3 Stlth+} (You found it on level 5 of the Vaults)
 52801 | Vaults:5 | Received a gift from Trog
 53018 | Vaults:5 | Got a scorched iron ring
 53019 | Vaults:5 | Identified the +9 broad axe of Death's Door {chop, rElec rN+ MR+ Str+6} (You took it off a vault warden on level 5 of the Vaults)
 53020 | Vaults:5 | Identified the ring "Migaafer" {rC+++ SInv} (You took it off a vault warden on level 5 of the Vaults)
 53108 | Vaults:5 | Identified the Papyrus of Summoning
 53115 | Vaults:5 | Got a scorched iron ring
 53117 | Vaults:5 | Identified the ring of Uffesi {rC+ Dex+3 Stlth+} (You found it on level 5 of the Vaults)
 53917 | Slime:1  | Entered Level 1 of the Pits of Slime
 53993 | Slime:5  | Entered Level 5 of the Pits of Slime
 54151 | Slime:5  | Found a viscous altar of Jiyva.
 54240 | Slime:5  | Noticed the Royal Jelly
 54261 | Slime:5  | Killed the Royal Jelly
 54306 | Slime:5  | Gained mutation: Scrolls take you a little longer to read. [a shining eye]
 54307 | Slime:5  | Gained mutation: You are clumsy. (Dex -2) [a shining eye]
 54323 | Slime:5  | Received a gift from Trog
 54349 | Slime:5  | Got a bound tin ring
 54351 | Slime:5  | Identified the ring of Gopid {rPois rC- rN++ Str+5 Int+2} (You found it on level 5 of the Pits of Slime)
 54396 | Slime:5  | Got a bloodstained chain mail
 54407 | Slime:5  | Identified the +3 chain mail of Zoxitwie {rPois Str+3 SInv Stlth+} (You found it on level 5 of the Pits of Slime)
 54423 | Slime:5  | Got a faintly humming scale mail
 54434 | Slime:5  | Identified the +2 scale mail of the Grue {rC+} (You found it on level 5 of the Pits of Slime)
 54482 | Slime:5  | Got a slimy rune of Zot
 54506 | Slime:5  | Identified the Grimoire of Captivating Shape Shifting
 54536 | Slime:5  | Got a bloodstained leather armour
 54547 | Slime:5  | Identified the +3 leather armour of Duty {*Contam rElec rN+++ MR+} (You found it on level 5 of the Pits of Slime)
 54561 | Slime:5  | Gained mutation: You regenerate slowly when monsters are visible. [mutagenic glow]
 54670 | Slime:5  | Lost mutation: Scrolls take you a little longer to read. [potion of cure mutation]
 54670 | Slime:5  | Lost mutation: You regenerate slowly when monsters are visible. [potion of cure mutation]
 54670 | Slime:5  | Lost mutation: [You are weak. (Str -2)] [potion of cure mutation]
 54670 | Slime:5  | Lost mutation: You possess an exceptional clarity of mind. [potion of cure mutation]
 54670 | Slime:5  | Lost mutation: Your mind is acute. (Int +2) [potion of cure mutation]
 54671 | Slime:5  | Lost mutation: Your spells are a little harder to cast, but a little more powerful. [potion of cure mutation]
 54671 | Slime:5  | Lost mutation: You are clumsy. (Dex -2) [potion of cure mutation]
 54740 | Slime:1  | Gained mutation: Scrolls take you a little longer to read. [a shining eye]
 54743 | Slime:1  | Gained mutation: [You are dopey. (Int -2)] [a shining eye]
 55020 | D:15     | Lost mutation: [You are dopey. (Int -2)] [potion of cure mutation]
 55020 | D:15     | Lost mutation: Scrolls take you a little longer to read. [potion of cure mutation]
 55156 | Trove    | Entered a treasure trove
 55200 | Trove    | Got a dazzling war axe
 55201 | Trove    | Identified the +7 war axe of Hepliaklqana's Delight {venom, Str+4} (You found it in a treasure trove)
 55209 | Trove    | Got a clouded bone ring
 55211 | Trove    | Got a crude tin amulet
 55213 | Trove    | Got a fine jade amulet
 55217 | Trove    | Identified the ring of Pyibbeah {rC+ MR++ AC+3 Int+3 Dex-3} (You found it in a treasure trove)
 55219 | Trove    | Identified the amulet "Ycimot" {Gourm rN+++ MR+ Int-4} (You found it in a treasure trove)
 55221 | Trove    | Identified the amulet "Fuhirae" {Reflect Str+5 SH+4} (You found it in a treasure trove)
 55637 | Temple   | Entered the Ecumenical Temple
 55732 | Temple   | Fell from the grace of Trog
 55732 | Temple   | Became a worshipper of the Shining One
 56035 | Crypt:1  | Entered Level 1 of the Crypt
 56059 | Crypt:1  | Reached * piety under the Shining One
 56551 | Crypt:1  | Noticed Xtahua
 56559 | Crypt:1  | Killed Xtahua
 56709 | Crypt:1  | Noticed Mennas
 56709 | Crypt:1  | Reached ** piety under the Shining One
 56727 | Crypt:1  | Killed Mennas
 57204 | Crypt:2  | Reached *** piety under the Shining One
 57219 | Crypt:2  | Reached XP level 26. HP: 238/266 MP: 13/22
 57286 | Crypt:2  | Reached **** piety under the Shining One
 57878 | Crypt:3  | Entered Level 3 of the Crypt
 57917 | Crypt:3  | Reached ***** piety under the Shining One
 58316 | Crypt:3  | Found a staircase to the Tomb.
 58318 | Crypt:3  | Reached ****** piety under the Shining One
 58618 | Crypt:3  | Noticed Boris
 58627 | Crypt:3  | Killed Boris
 59236 | D:14     | Bought the +2 shield of Resistance {rF+ rC+ MR+} for 575 gold pieces
 59447 | Zot:1    | Entered Level 1 of the Realm of Zot
 59466 | Zot:1    | Reached skill level 1 in Shields
 59802 | Lair:1   | Gained mutation: You have a pair of large horns on your head. [potion of beneficial mutation]
 60284 | Zot:1    | Noticed an orb of fire
 60286 | Zot:1    | Gained mutation: You are clumsy. (Dex -2) [an orb of fire]
 60295 | Zot:1    | Killed an orb of fire
 60295 | Zot:1    | Reached skill level 5 in Shields
 61317 | Zot:2    | Reached skill level 10 in Shields
 61464 | Zot:2    | Reached XP level 27. HP: 273/273 MP: 22/22
 61979 | Zot:3    | Identified the Almanac of the Last Moons
 62109 | Zot:3    | Reached skill level 15 in Shields
 62171 | Zot:3    | Identified 3 scrolls of acquirement
 62679 | Zot:4    | Got a slimy flail
 62688 | Zot:4    | Identified the +3 flail of Wondrous Power {elec, Str+5} (You found it on level 4 of the Realm of Zot)
 63650 | Zot:5    | Entered Level 5 of the Realm of Zot
 64083 | Hell     | Entered the Vestibule of Hell
 64083 | Hell     | Noticed Geryon
 64119 | Hell     | Killed Geryon
 64266 | Hell     | Found a gateway to the Iron City of Dis.
 64384 | Hell     | Found a gateway to the decaying netherworld of Tartarus.
 64446 | Hell     | Found a gateway to the ashen valley of Gehenna.
 64565 | Dis:1    | Entered Level 1 of the Iron City of Dis
 64630 | Dis:1    | Gained mutation: You occasionally shout uncontrollably at your foes. [mutagenic glow]
 64659 | Dis:1    | Gained mutation: You have a beak for a mouth. [mutagenic glow]
 64708 | Dis:1    | Gained mutation: You are frail. (-10% HP) [mutagenic glow]
 65203 | Dis:3    | You fall through a shaft!
 65889 | Dis:7    | Entered Level 7 of the Iron City of Dis
 65930 | Dis:7    | Was forgiven by Trog
 66350 | Dis:7    | Got a distressingly furry plate armour
 66351 | Dis:7    | Identified the +1 plate armour "Cedwoed" {Dex+7} (You acquired it on level 7 of the Iron City of Dis)
 66359 | Dis:7    | Got a shimmering large shield
 66370 | Dis:7    | Identified the +0 large shield of the Original Sin {+Blink +Fly Slay+3} (You acquired it on level 7 of the Iron City of Dis)
 66371 | Dis:7    | Got a distressingly furry cloak
 66391 | Dis:7    | Identified the +0 cloak of the Garden {rElec} (You acquired it on level 7 of the Iron City of Dis)
 66608 | Dis:7    | Identified the +9 broad axe "Reggan" {distort, rF+} (You found it on level 7 of the Iron City of Dis)
 66613 | Dis:7    | Got a translucent copper ring
 66615 | Dis:7    | Identified the ring of the Hidden Moons {*Tele rF+ Str+4} (You found it on level 7 of the Iron City of Dis)
 66637 | Dis:7    | Identified the +0 pair of gloves "Honipn" {MR+} (You found it on level 7 of the Iron City of Dis)
 67289 | Dis:7    | Reached skill level 27 in Shields
 67295 | Dis:7    | Noticed Dispater
 67344 | Dis:7    | Killed Dispater
 67366 | Dis:7    | Got an iron rune of Zot
 67580 | Dis:7    | Reached skill level 1 in Invocations
 68312 | Tomb:1   | Entered Level 1 of the Tomb of the Ancients
 68861 | Tomb:1   | Noticed an ancient lich
 68867 | Tomb:1   | Killed an ancient lich
 68935 | Tomb:1   | Noticed a greater mummy
 68946 | Tomb:1   | Killed a greater mummy
 69485 | Tomb:1   | Lost mutation: You have a beak for a mouth. [potion of cure mutation]
 69485 | Tomb:1   | Lost mutation: You are clumsy. (Dex -2) [potion of cure mutation]
 69485 | Tomb:1   | Lost mutation: You have a pair of large horns on your head. [potion of cure mutation]
 69485 | Tomb:1   | Lost mutation: You are frail. (-10% HP) [potion of cure mutation]
 69485 | Tomb:1   | Lost mutation: You occasionally shout uncontrollably at your foes. [potion of cure mutation]
 69503 | Tomb:2   | Noticed a greater mummy
 69503 | Tomb:2   | Noticed a greater mummy
 69506 | Tomb:2   | Noticed an ancient lich
 69507 | Tomb:2   | Noticed a greater mummy
 69798 | Tomb:1   | Killed an ancient lich
 69801 | Tomb:1   | Killed a greater mummy
 70059 | Tomb:2   | Reached skill level 27 in Dodging
 70066 | Tomb:2   | Killed a greater mummy
 70085 | Tomb:2   | Killed a greater mummy
 70085 | Tomb:2   | Reached skill level 5 in Invocations
 70486 | Tomb:1   | Noticed a greater mummy
 70486 | Tomb:1   | Noticed a greater mummy
 70487 | Tomb:1   | Noticed a greater mummy
 70488 | Tomb:1   | Noticed a greater mummy
 70488 | Tomb:1   | Noticed a greater mummy
 70488 | Tomb:1   | Noticed a greater mummy
 70496 | Tomb:1   | Noticed a greater mummy
 70898 | Tomb:2   | Killed a greater mummy
 71398 | Tomb:1   | Noticed a greater mummy
 71415 | Tomb:1   | Killed a greater mummy
 71720 | Tomb:2   | Killed a greater mummy
 72123 | Tomb:2   | Killed a greater mummy
 72464 | Tomb:1   | Killed a greater mummy
 72470 | Tomb:1   | Killed a greater mummy
 72470 | Tomb:1   | Reached skill level 10 in Invocations
 72500 | Tomb:1   | Killed a greater mummy
 72524 | Tomb:1   | Killed a greater mummy
 72533 | Tomb:1   | Noticed a greater mummy
 72551 | Tomb:1   | Killed a greater mummy
 72973 | Tomb:1   | Noticed a greater mummy
 72984 | Tomb:1   | Killed a greater mummy
 72992 | Tomb:1   | Noticed a greater mummy
 73002 | Tomb:1   | Killed a greater mummy
 73031 | Tomb:1   | Noticed a greater mummy
 73031 | Tomb:1   | Noticed a greater mummy
 73040 | Tomb:1   | Killed a greater mummy
 73049 | Tomb:1   | Killed a greater mummy
 73050 | Tomb:1   | Noticed a greater mummy
 73069 | Tomb:1   | Killed a greater mummy
 73316 | Tomb:1   | Noticed a greater mummy
 73325 | Tomb:1   | Killed a greater mummy
 73421 | Tomb:1   | Noticed a greater mummy
 73423 | Tomb:1   | Noticed a greater mummy
 73427 | Tomb:1   | Noticed a greater mummy
 73434 | Tomb:1   | Noticed a greater mummy
 73435 | Tomb:1   | Noticed a greater mummy
 73437 | Tomb:1   | Noticed a greater mummy
 73439 | Tomb:1   | Noticed a greater mummy
 73860 | Tomb:1   | Killed a greater mummy
 73866 | Tomb:1   | Killed a greater mummy
 74001 | Tomb:1   | Killed a greater mummy
 74057 | Tomb:1   | Killed a greater mummy
 74433 | Tomb:1   | Killed a greater mummy
 74917 | Tomb:1   | Killed a greater mummy
 74933 | Tomb:1   | Killed a greater mummy
 74939 | Tomb:1   | Got an ancient plate armour
 74940 | Tomb:1   | Identified the cursed +0 plate armour "Nuise" {rCorr MP+9 Str-5 Int+4 Stlth+} (You found it on level 1 of the Tomb of the Ancients)
 75224 | Tomb:2   | Noticed Sojobo
 75233 | Tomb:2   | Reached skill level 15 in Invocations
 75234 | Tomb:2   | Killed Sojobo
 75344 | Tomb:3   | Entered Level 3 of the Tomb of the Ancients
 75712 | Tomb:3   | Noticed a greater mummy
 75713 | Tomb:3   | Noticed a greater mummy
 75717 | Tomb:3   | Noticed a greater mummy
 75721 | Tomb:3   | Noticed a greater mummy
 75721 | Tomb:3   | Noticed a greater mummy
 76116 | Tomb:3   | Noticed a greater mummy
 76117 | Tomb:3   | Noticed a greater mummy
 76460 | Tomb:3   | Noticed a greater mummy
 76475 | Tomb:2   | Killed a greater mummy
 76484 | Tomb:2   | Killed a greater mummy
 77126 | Tomb:2   | Killed a greater mummy
 77126 | Tomb:2   | HP: 10/272 [greater mummy's death curse (26)]
 77129 | Tomb:2   | Killed a greater mummy
 77556 | Tomb:2   | Killed a greater mummy
 77560 | Tomb:2   | Killed a greater mummy
 77686 | Tomb:3   | Noticed a greater mummy
 77690 | Tomb:2   | Killed a greater mummy
 77696 | Tomb:2   | Killed a greater mummy
 78187 | Tomb:2   | Killed a greater mummy
 78864 | Tomb:3   | Got a golden rune of Zot
 78967 | Tomb:3   | Got an ancient lead ring
 78968 | Tomb:3   | Identified the ring "Dukuukow" {rCorr Int+5} (You found it on level 3 of the Tomb of the Ancients)
 78995 | Tomb:3   | Got a brightly glowing glass ring
 78996 | Tomb:3   | Identified the ring of Noon {rCorr rF+ rC+ Dex+3} (You found it on level 3 of the Tomb of the Ancients)
 79032 | Tomb:3   | Got a shimmering wooden ring
 79033 | Tomb:3   | Identified the ring "Pyjuod" {MR+ EV+5} (You found it on level 3 of the Tomb of the Ancients)
 79037 | Tomb:3   | Got a clouded jade ring
 79038 | Tomb:3   | Identified the ring of the Scavenger {rElec rPois MP+9} (You found it on level 3 of the Tomb of the Ancients)
 79169 | Tomb:3   | Got a scintillating wooden ring
 79170 | Tomb:3   | Identified the ring of Guazu {rF+ rN+} (You found it on level 3 of the Tomb of the Ancients)
 80023 | Tar:1    | Entered Level 1 of Tartarus
 80902 | Tar:5    | You fall through a shaft!
 80958 | Tar:7    | Entered Level 7 of Tartarus
 80991 | Tar:7    | Noticed an ancient lich
 81001 | Tar:7    | Killed an ancient lich
 81340 | Tar:7    | Got a faintly glowing marble ring
 81342 | Tar:7    | Identified the ring "Paploull" {rC+ MP+9 Str-2 Stlth+} (You found it on level 7 of Tartarus)
 81605 | Tar:7    | Got a slimy cloak
 81616 | Tar:7    | Identified the cursed -4 cloak "Eluynag" {Regen+ Int+5 Stlth+} (You found it on level 7 of Tartarus)
 81804 | Tar:7    | Got a warped war axe
 81805 | Tar:7    | Identified the +6 war axe "Bynwauch" {elec, rF+ rC- Int+4} (You found it on level 7 of Tartarus)
 81938 | Tar:7    | Got a faintly glowing falchion
 81939 | Tar:7    | Identified the cursed +1 falchion "Hydrabane" {venom, MR+ Int+2 Dex+4} (You found it on level 7 of Tartarus)
 82102 | Tar:7    | Noticed Ereshkigal
 82120 | Tar:7    | Killed Ereshkigal
 82149 | Tar:7    | Got a bone rune of Zot
 82684 | Geh:1    | Entered Level 1 of Gehenna
 83644 | Geh:4    | Reached skill level 27 in Invocations
 83647 | Geh:4    | Reached skill level 1 in Spellcasting
 83799 | Geh:6    | Reached skill level 5 in Spellcasting
 83947 | Geh:7    | Entered Level 7 of Gehenna
 84026 | Geh:7    | Noticed the Serpent of Hell
 84044 | Geh:7    | Killed the Serpent of Hell
 84284 | Geh:7    | Noticed Asmodeus
 84311 | Geh:7    | Killed Asmodeus
 84343 | Geh:7    | Got an obsidian rune of Zot
 84733 | Geh:7    | Reached skill level 10 in Spellcasting
 86092 | Hell     | Found a gateway to the freezing wastes of Cocytus.
 86136 | Coc:1    | Entered Level 1 of Cocytus
 86652 | Coc:3    | Noticed Nicoed's ghost (veteran DEFE)
 86669 | Coc:3    | Killed Nicoed's ghost
 87359 | Coc:7    | Entered Level 7 of Cocytus
 87581 | Coc:7    | Noticed Antaeus
 87636 | Coc:7    | Killed Antaeus
 87636 | Coc:7    | Reached skill level 15 in Spellcasting
 87717 | Coc:7    | Got an icy rune of Zot
 87720 | Coc:7    | Identified the Tome of the Voyage and Contamination
 87965 | Coc:7    | Gained mutation: Your magical capacity is low. (-10% MP) [mutagenic glow]
 88028 | Coc:7    | Gained mutation: Your magical capacity is very low. (-20% MP) [mutagenic glow]
 88504 | Pan      | Entered Pandemonium
 88614 | Pan      | Noticed Orimoden the pandemonium lord
 88629 | Pan      | Killed Orimoden the pandemonium lord
 88879 | Pan      | Found an exit through the horrors of the Abyss.
 89320 | Pan      | Found an exit through the horrors of the Abyss.
 89391 | Pan      | Noticed Cuafeis the pandemonium lord
 89411 | Pan      | Gained mutation: Scrolls take you a little longer to read. [a cacodemon]
 89436 | Pan      | Lost intelligence.
 89440 | Pan      | HP: 9/273 [monstrous corrupter (illusionary) (19)]
 89440 | Pan      | Slain by a monstrous corrupter (illusionary)

Skill      XL: |  1  2  3  4  5  6  7  8  9 10 11 12 13 14 15 16 17 18 19 20 21 22 23 24 25 26 27 |
---------------+----------------------------------------------------------------------------------+-----
Axes           | 4 5 6 8 9 11 13 16 17 18 19 20 22 23 25 26 27 | 27.0
Armour         | 5 9 10 11 12 13 14 15 17 18 21 24 26 27 | 27.0
Fighting       | 5 8 10 12 14 15 17 18 20 22 25 26 27 | 27.0
Dodging        | 3 4 5 6 7 8 9 10 13 14 16 20 23 27 | 27.0
Shields        | 11 27 | 27.0
Invocations    | 27 | 27.0
Spellcasting   | 17 | 17.5

Action                   |  1- 3 |  4- 6 |  7- 9 | 10-12 | 13-15 | 16-18 | 19-21 | 22-24 | 25-27 || total
-------------------------+-------+-------+-------+-------+-------+-------+-------+-------+-------++-------
Melee: Hand axe          |   105 |    96 |    97 |       |       |       |       |       |       ||   298
       Headbutt          |    19 |    25 |    46 |   132 |   273 |   341 |   426 |   500 |  2400 ||  4162
       War axe           |       |       |   174 |   453 |       |       |       |       |       ||   627
       Battleaxe         |       |       |       |    85 |       |    85 |    78 |   123 |   417 ||   788
       Executioner's axe |       |       |       |    62 |   972 |  1207 |  1365 |  1298 |   294 ||  5198
       Broad axe         |       |       |       |     2 |   159 |       |       |       |  5805 ||  5966
       Peck              |       |       |       |       |       |       |       |       |   455 ||   455
Invok: Berserk           |       |     2 |     2 |     7 |     9 |     5 |     5 |     3 |     2 ||    35
       Burn Spellbooks   |       |       |     1 |     1 |     2 |     3 |     1 |     2 |       ||    10
       Cleansing Flame   |       |       |       |       |       |       |       |       |    14 ||    14
       Divine Shield     |       |       |       |       |       |       |       |       |     4 ||     4
Evoke: Wand              |       |       |       |     1 |     1 |     3 |     1 |     4 |    14 ||    24
  Use: Potion            |       |       |     6 |     2 |     1 |     6 |     2 |     2 |    47 ||    66
       Scroll            |       |       |     3 |     8 |    21 |    16 |     6 |    20 |    46 ||   120
 Stab: Sleeping          |       |       |       |     1 |       |       |       |       |       ||     1
       Distracted        |       |       |       |       |     1 |       |     1 |     1 |     1 ||     4
       Confused          |       |       |       |       |     1 |       |       |       |       ||     1
       Held in net/web   |       |       |       |       |       |     1 |       |       |       ||     1
       Invisible         |       |       |       |       |       |       |       |       |    12 ||    12
  Eat: Chunk             |     1 |     5 |     9 |     7 |     9 |       |     3 |     1 |     1 ||    36
       Meat ration       |       |       |     1 |     5 |     1 |     4 |     2 |       |    14 ||    27
       Fruit             |       |       |       |     5 |    14 |    11 |       |       |     4 ||    34
       Pizza             |       |       |       |     1 |     8 |     3 |     2 |     2 |     4 ||    20
       Beef jerky        |       |       |       |       |     2 |     7 |     6 |    12 |     6 ||    33
       Royal jelly       |       |       |       |       |     2 |     1 |     3 |       |     2 ||     8
       Bread ration      |       |       |       |       |     2 |       |     3 |     3 |     8 ||    16
Armor: Animal skin       |     8 |       |       |       |       |       |       |       |       ||     8
       Scale mail        |    25 |    37 |   122 |   282 |    27 |       |       |       |       ||   493
       Ring mail         |       |       |       |       |   183 |       |       |       |       ||   183
       Chain mail        |       |       |       |       |   290 |       |       |       |       ||   290
       Plate armour      |       |       |       |       |    26 |   748 |   867 |   518 |       ||  2159
       Gold dragon scale |       |       |       |       |       |       |       |   128 |  1593 ||  1721
Dodge: Dodged            |    57 |    46 |   142 |   317 |   756 |   921 |  1025 |  1024 |  3819 ||  8107
Block: Shield            |       |       |       |       |       |       |       |       |  4747 ||  4747
       Large shield      |       |       |       |       |       |       |       |       |     8 ||     8
